 Dungeon Crawl Stone Soup version 0.30.0-29-ga12c61a403 (webtiles) character file.

Game seed: 1501517807293338433

19 Elmgren the Shooter (level 2, -1/26 HPs)
             Began as a Naga Hunter on June 21, 2023.
             Slain by a gnoll
             ... wielding a +0 club
              (8 damage)
             ... on level 1 of the Dungeon.
             The game lasted 00:00:36 (594 turns).

Elmgren the Shooter (Naga Hunter)                    Turns: 594, Time: 00:00:37

Health: -1/26      AC:  2    Str: 13    XL:     2   Next: 75%
Magic:  2/2        EV:  9    Int:  9    God:
Gold:   35         SH:  0    Dex: 14    Spells: 1/1 levels left

rFire   . . .        a - +0 shortbow
rCold   . . .        (shield currently unavailable)
rNeg    . . .        c - +0 leather armour
rPois   +            (no helmet)
rElec   .            (no cloak)
rCorr   .            (no gloves)
SInv    +            (no barding)
Will    .....        (no amulet)
Stlth   ++           (no ring)
HPRegen 0.24/turn    (no ring)
MPRegen 0.08/turn

%: no passive effects
@: very slow
A: AC +0, large, see invisible, deformed body, poison resistance, slowness 2,
spit poison 1, naga tail 1
a: Spit Poison


You were on level 1 of the Dungeon.
You visited 1 branch of the dungeon, and saw 1 of its levels.

You collected 35 gold pieces.

Inventory:

Hand Weapons
 a - a +0 shortbow (weapon)
Armour
 c - a +0 leather armour (worn)
Scrolls
 b - a scroll of immolation {!r}
 e - a scroll of poison {unknown}
 f - a scroll of torment {unknown}
 g - a scroll of identify {unknown}
Potions
 d - a potion of curing {unknown}
 h - a potion of brilliance {unknown}


   Skills:
 - Level 2.0 Fighting
 + Level 4.3 Ranged Weapons
 - Level 1.5 Dodging
 - Level 1.5 Stealth


You had one spell level left.
You didn't know any spells.
Your spell library was empty.

Dungeon Overview and Level Annotations

Branches:
Dungeon (1/15)

Altars:


Innate Abilities, Weirdness & Mutations

Your serpentine skin is tough. (AC +0)
You have supernaturally acute eyesight. (SInv)
Armour fits poorly on your strangely shaped body.
Your system is resistant to poisons. (rPois)
You cover ground very slowly.
You can spit poison.
You have a snake-like lower body.


Message History

You shoot an arrow. The arrow barely misses the endoplasm.
The endoplasm freezes you.
You are frozen.
An endoplasm is nearby!
You take 5 damage, and have 21/26 hp.
You shoot an arrow. The arrow hits the endoplasm!
You kill the endoplasm!
h - a sapphire potion Health restored: 26 No target in view!
A kobold and a dart slug come into view.
You shoot an arrow. The arrow hits the kobold!
You kill the kobold!
A dart slug is nearby!
You shoot an arrow. The arrow hits the dart slug.
The dart slug launches a dart at you. The slug dart hits you.
A dart slug is nearby!
You take 3 damage, and have 23/26 hp.
You shoot an arrow.
The arrow hits the dart slug but does no damage.
A dart slug is nearby!
You shoot an arrow. The arrow hits the dart slug.
A dart slug is nearby!
You shoot an arrow. The arrow hits the dart slug!
You kill the dart slug!
A goblin comes into view. It is wielding a +0 club.
The goblin shouts!
Health restored: 26 You shoot an arrow.
The arrow hits the goblin.
You kill the goblin!
You now have 35 gold pieces (gained 15).
An endoplasm comes into view.
The endoplasm quivers.
You shoot an arrow. The arrow hits the endoplasm.
An endoplasm is nearby!
You shoot an arrow. The arrow hits the endoplasm.
An endoplasm is nearby!
You shoot an arrow. The arrow barely misses the endoplasm.
An endoplasm is nearby!
You shoot an arrow.
The arrow hits the endoplasm but does no damage.
The endoplasm closely misses you.
An endoplasm is nearby!
You shoot an arrow.
The arrow completely misses the endoplasm.
The endoplasm freezes you.
You are frozen.
An endoplasm is nearby!
You take 5 damage, and have 21/26 hp.
You shoot an arrow.
The arrow hits the endoplasm but does no damage.
The endoplasm closely misses you.
The endoplasm hits you but does no damage.
An endoplasm is nearby!
You shoot an arrow. The arrow hits the endoplasm.
The endoplasm hits you.
An endoplasm is nearby!
You take 3 damage, and have 18/26 hp.
You shoot an arrow. The arrow hits the endoplasm.
You kill the endoplasm!
A hobgoblin comes into view.
Health restored: 26 You shoot an arrow.
The arrow hits the hobgoblin.
The hobgoblin shouts!
A hobgoblin is nearby!
You shoot an arrow. The arrow hits the hobgoblin.
You kill the hobgoblin!
Found a stone staircase leading down.
No target in view!
There is a stone staircase leading down here.
A rat comes into view.
You shoot an arrow. The arrow hits the rat.
You kill the rat!
A gnoll comes into view. It is wielding a +0 club.
You shoot an arrow. The arrow hits the gnoll.
The gnoll shouts!
A gnoll is nearby!
You shoot an arrow.
The arrow hits the gnoll but does no damage.
A gnoll is nearby!
You shoot an arrow.
The arrow hits the gnoll but does no damage.
The gnoll barely misses you.
A gnoll is nearby!
You shoot an arrow. The arrow barely misses the gnoll.
The gnoll hits you with a +0 club!
A gnoll is nearby!
You take 7 damage, and have 19/26 hp.
MASSIVE DAMAGE!!
You shoot an arrow.
The arrow hits the gnoll but does no damage.
The gnoll hits you with a +0 club.
A gnoll is nearby!
You take 6 damage, and have 13/26 hp.
MASSIVE DAMAGE!!
You shoot an arrow. The arrow barely misses the gnoll.
The gnoll hits you with a +0 club. x2
* * * LOW HITPOINT WARNING * * *
You take 7 damage, and have 6/26 hp.
MASSIVE DAMAGE!!
You shoot an arrow. The arrow hits the gnoll.
The gnoll hits you with a +0 club!
You die...

###.####.#.##.# #......
..............# .###
#...... ###........####
.....#####.).### #
######.#.# ..##.......#.#
########.#.#
..#####.####.#
...........# ?.# #.####.#
########.### ..# #.##...#
#.########g.#####.##.#.#
#........@........##.#.###
##########..#####....#....
........#######.
#.#####....#....
#.#####.##.#.###
#..........#....
#######......###
#####..... ######


You could see a gnoll.

Vanquished Creatures
  A dart slug (D:1)
  2 ball pythons (D:1)
  4 endoplasms (D:1)
  2 goblins (D:1)
  2 hobgoblins (D:1)
  2 kobolds (D:1)
  A rat (D:1)
14 creatures vanquished.

Notes
Turn   | Place    | Note
-------+----------+-------------------------------------------
     0 | D:1      | Elmgren the Naga Hunter began the quest for the Orb.
     0 | D:1      | Reached XP level 1. HP: 19/19 MP: 1/1
    65 | D:1      | Found a faded altar of an unknown god.
   216 | D:1      | HP: 8/19 [kobold/+0 club (4)]
   325 | D:1      | Reached skill level 4 in Ranged Weapons
   325 | D:1      | Reached XP level 2. HP: 26/26 MP: 2/2
   592 | D:1      | HP: 13/26 [gnoll/+0 club (6)]
   593 | D:1      | HP: 6/26 [gnoll/+0 club (2)]
   594 | D:1      | Slain by a gnoll

Illustrated notes

Levels and vault maps discovered:
D:1:      wander_arrival_desolate, layout_loops_ring, basic_ecumenical_altar

Skill      XL: |  1 |
---------------+----+-----
Ranged Weapons | 4 |  4.3
Fighting       | |  2.0
Dodging        | |  1.5
Stealth        | |  1.5

Action                     || total
---------------------------++-------
   Fire: Shortbow          ||    53
 Armour: Leather armour    ||     2
  Dodge: Dodged            ||     7

Levels and vault maps discovered:
D:1:      wander_arrival_desolate, layout_loops_ring, basic_ecumenical_altar

Table legend: (Time is in decaauts)
 A = Elapsed time spent in this place.
 B = Non-inter-level travel time spent in this place.
 C = Inter-level travel time spent in this place.
 D = Time resting spent in this place.
 E = Time spent auto-exploring this place.
 F = Levels seen in this place.
 G = Mean time per level.
                   A        B        C        D        E       F      G
               +--------+--------+--------+--------+--------+-----+--------+
         Total |    765 |    765 |      0 |      0 |    666 |   1 |  765.0 |
       Dungeon |    765 |    765 |      0 |      0 |    666 |   1 |  765.0 |
               +--------+--------+--------+--------+--------+-----+--------+

Top non-repeatable levels by time:
     D:1: 765 daAuts

Table legend:
 A = Kills in this place as a percentage of kills in the entire game.
 B = Kills by you in this place as a percentage of kills by you in the entire game.
 C = Kills by friends in this place as a percentage of kills by friends in the entire game.
 D = Other kills in this place as a percentage of other kills in the entire game.
 E = Experience gained in this place as a percentage of experience gained in the entire game.
 F = Experience gained in this place divided by the number of levels of this place that you have seen.
                   A       B       C       D       E      F
               +-------+-------+-------+-------+-------+----------------------
         Total | 100.0 | 100.0 |   N/A |   N/A | 100.0 |  28.0
       Dungeon | 100.0 | 100.0 |   N/A |   N/A | 100.0 |  28.0
               +-------+-------+-------+-------+-------+----------------------
